 Dungeon Crawl Stone Soup version 0.20.0-15-g7f486f2 (webtiles) character file.

525 blackwizard the Ducker (level 7, -1/66 HPs)
             Began as a Troll Fighter on June 18, 2017.
             Was an Initiate of Gozag.
             Killed from afar by an orc wizard (4 damage)
             ... with a magic dart
             ... on level 6 of the Dungeon.
             The game lasted 00:27:33 (3751 turns).

blackwizard the Ducker (Troll Fighter)              Turns: 3751, Time: 00:27:34

Health: -1/66      AC:  5    Str: 25    XL:     7   Next: 2%
Magic:  0/6        EV:  9    Int:  6    God:    Gozag
Gold:   184        SH:  9    Dex:  9    Spells: 6/6 levels left

rFire    . . .     SeeInvis .   g - +2 dagger (drain)
rCold    . . .     Gourm    +   c - +0 shield
rNeg     . . .     Faith    .   b - +0 robe
rPois    .         Spirit   +   (helmet restricted)
rElec    .         Reflect  .   (no cloak)
rCorr    .         Harm     .   (gloves unavailable)
MR       .....                  (boots unavailable)
Stlth    +.........             F - amulet of guardian spirit
Regen    0.7/turn               (no ring)
MPRegen  0.1/turn               (no ring)

@: no status effects
A: unfitting armour, claws 3, fast metabolism 3, gourmand, regeneration 1,
shaggy fur 1, tough skin 2
a: Potion Petition, Call Merchant, Bribe Branch, Renounce Religion


You were on level 6 of the Dungeon.
You worshipped Gozag.
Gozag was aware of your devotion.
You were hungry.

You visited 2 branches of the dungeon, and saw 7 of its levels.

You collected 281 gold pieces.
You paid 97 gold pieces to Gozag.

Inventory:

Hand Weapons
 a - a +0 long sword
 g - a +2 dagger of draining (weapon)
 m - a +0 mace
 o - a cursed -1 dagger
 w - a +0 hand axe
 D - a +4 dagger
 L - a +2 rapier of holy wrath
 R - a +0 war axe
Missiles
 e - 8 needles of sleeping
 k - 8 tomahawks (quivered)
 l - 88 stones
 p - 2 javelins
 v - 21 sling bullets
 A - 74 arrows
Armour
 b - a +0 robe (worn)
 c - a +0 shield (worn)
 y - a +0 shield
 E - a +0 robe
Magical Staves
 V - an uncursed staff of energy {unknown}
Jewellery
 F - an amulet of guardian spirit (around neck)
 N - an uncursed amulet of faith {unknown}
 S - a +2 amulet of reflection {unknown}
Wands
 G - a wand of iceblast (6/15)
 U - a wand of random effects (17/48)
 W - a wand of lightning (12/15)
Scrolls
 h - 2 scrolls of remove curse {unknown}
 i - 2 scrolls of amnesia {unknown}
 t - a scroll of fear {unknown}
 u - 5 scrolls of teleportation {unknown}
 K - 2 scrolls of identify {unknown}
 M - a scroll of recharging {unknown}
 O - a scroll of blinking {unknown}
 P - a scroll of enchant armour {unknown}
 Q - a scroll of immolation {unknown}
Potions
 d - 2 potions of might
 j - 4 potions of degeneration {unknown}
 n - a potion of curing {unknown}
 q - a potion of ambrosia {unknown}
 r - 2 potions of flight {unknown}
 B - a potion of magic {unknown}
 C - 2 potions of heal wounds {unknown}
 H - a potion of lignification {unknown}
 I - a potion of cancellation {unknown}
 T - a potion of haste {unknown}
Books
 x - a book of Cantrips

   Spells                             Type                      Level
   a - Confusing Touch                Hexes                        1
   b - Animate Skeleton               Necromancy                   1
   c - Summon Small Mammal            Summoning                    1
   d - Apportation                    Translocation                1
 J - a book of Minor Magic

   Spells                             Type                      Level
   a - Magic Dart                     Conjuration                  1
   b - Blink                          Translocation                2
   c - Call Imp                       Summoning                    2
   d - Slow                           Hexes                        2
   e - Conjure Flame                  Conjuration/Fire             3
   f - Mephitic Cloud                 Conjuration/Poison/Air       3
Comestibles
 f - 2 bread rations
 s - 6 meat rations
 z - 2 royal jellies


   Skills:
 + Level 2.9 Fighting
 + Level 3.5(3.8) Short Blades
 + Level 2.0(3.1) Long Blades
 + Level 3.9 Dodging
 + Level 0.2 Stealth
 + Level 3.7 Shields


You had 6 spell levels left.
You didn't know any spells.

Dungeon Overview and Level Annotations

Branches:
Dungeon (6/15)             Temple (1/1) D:6

Altars:
Ashenzari
Cheibriados
Elyvilon
Fedhas
Gozag
Hepliaklqana
Makhleb
Okawaru
Qazlal
Ru
Trog
Uskayaw
Vehumet
Xom
Zin
The Shining One

Annotations:
D:4 Blork the orc


Innate Abilities, Weirdness & Mutations

You are too large for most types of armour.
You have claws for hands.
Your metabolism is lightning-fast.
You like to eat raw meat.
Your natural rate of healing is unusually fast.
You are covered in fur. (AC +1)
You have very tough skin. (AC +2)


Message History

* * * LOW HITPOINT WARNING * * *
Something hits you but does no damage. The orc hits you with a hand axe.
* * * LOW HITPOINT WARNING * * *
Something hits you but does no damage.
The orc priest calls down the wrath of Beogh upon you.
Beogh smites you!
* * * LOW HITPOINT WARNING * * *
The orc hits you but does no damage.
There is an open door here.
A magic dart appears from out of thin air!
The magic dart hits you!
* * * LOW HITPOINT WARNING * * *
The orc is distracted by the nearby gold.
The orc shouts!
The orc is no longer distracted by gold.
You hear some strange, mumbled words.
A magic dart appears from out of thin air!
The magic dart hits you!
You die...
Your body crumbles into a pile of gold.

...........)......#....#...##..
....#.♣.♣.#.......'$...#...#
##................#....#.....
#..♣.♣.♣.♣.###o###....#.......
#....._.[..#.....#....#...###.
#..♣.♣.♣.♣.#..o..#....#a..#
#..........#.....#....#....
#..#.♣.♣.#.#.....#....#
#..........#..@..#....#
#...############## ####


You could see an orc priest and an orc.

Vanquished Creatures
  A bullfrog (D:6)
  Dowan (D:6)
  A bullfrog skeleton (D:6)
  An orc priest (D:3)
  A centaur skeleton (D:5)
  Jessica (D:3)
  Ijyb (D:3)
  4 orc wizards
  A worker ant (D:6)
  A worker ant zombie (D:5)
  Robin (D:3)
  3 gnolls (D:4)
  An adder (D:2)
  3 worms
  A dart slug (D:1)
  A leopard gecko (D:2)
  An orc (D:2)
  11 bats
  7 giant cockroaches
  12 goblins
  6 hobgoblins
  6 kobolds
  4 quokkas
  4 frilled lizards
  A giant cockroach zombie (D:6)
  A jackal zombie (D:6)
  4 rats
80 creatures vanquished.

Notes
Turn   | Place    | Note
-------+----------+-------------------------------------------
     0 | D:1      | blackwizard the Troll Fighter began the quest for the Orb.
     0 | D:1      | Reached XP level 1. HP: 22/22 MP: 0/0
   449 | D:1      | Reached XP level 2. HP: 29/29 MP: 1/1
  1010 | D:2      | Reached XP level 3. HP: 30/36 MP: 2/2
  1397 | D:3      | Noticed Ijyb
  1440 | D:3      | Killed Ijyb
  1440 | D:3      | Reached skill level 1 in Short Blades
  1440 | D:3      | Reached XP level 4. HP: 44/44 MP: 3/3
  1513 | D:3      | Noticed Jessica
  1521 | D:3      | Killed Jessica
  1609 | D:2      | Reached XP level 5. HP: 50/50 MP: 4/4
  1848 | D:3      | Noticed Robin
  1903 | D:3      | Killed Robin
  2074 | D:3      | Found a sacrificial altar of Ru.
  2592 | D:4      | Noticed Blork the orc
  2696 | D:5      | Entered Level 5 of the Dungeon
  2728 | D:5      | Found a blossoming altar of Fedhas.
  2820 | D:5      | Reached XP level 6. HP: 47/59 MP: 3/5
  3062 | D:6      | Found a staircase to the Ecumenical Temple.
  3092 | Temple   | Entered the Ecumenical Temple
  3328 | Temple   | Became a worshipper of Gozag Ym Sagoz the Greedy
  3446 | D:6      | Found a radiant altar of Vehumet.
  3652 | D:6      | Noticed Dowan
  3653 | D:6      | Found an iron altar of Okawaru.
  3665 | D:6      | Killed Dowan
  3731 | D:6      | Reached XP level 7. HP: 58/66 MP: 3/6
  3748 | D:6      | HP: 1/66 [something/magic dart (7)]
  3751 | D:6      | Killed from afar by an orc wizard

Skill      XL: |  1  2  3  4  5  6 |
---------------+-------------------+-----
Long Blades    | 2 |  2.0
Short Blades   | 1 2 3 |  3.5
Dodging        | 3 |  3.9
Shields        | 3 |  3.7
Fighting       | |  2.9
Stealth        | |  0.2

Action                   |  1- 3 |  4- 6 |  7- 9 || total
-------------------------+-------+-------+-------++-------
Melee: Long sword        |    16 |       |       ||    16
       Dagger            |    86 |   208 |    10 ||   304
  Eat: Chunk             |     7 |    11 |       ||    18
       Bread ration      |     1 |     2 |       ||     3
Armor: Robe              |    76 |    93 |     4 ||   173
Dodge: Dodged            |    54 |    89 |     2 ||   145
Block: Shield            |    71 |   108 |     1 ||   180
       Rpst.: Long sword |     3 |       |       ||     3
